 Dungeon Crawl Stone Soup version 0.27-b1-16-g6517624069 (webtiles) character file.

Game seed: 10944541272382549060

230 JBAR the Ducker (level 6, -2/50 HPs)
             Began as a Gnoll Gladiator on July 27, 2021.
             Slain by an orc (6 damage)
             ... on level 4 of the Dungeon.
             The game lasted 00:05:28 (3960 turns).

JBAR the Ducker (Gnoll Gladiator)                   Turns: 3960, Time: 00:05:30

Health: -2/50      AC:  4    Str: 14    XL:     6   Next: 3%
Magic:  2/2        EV: 14    Int:  7    God:
Gold:   147        SH:  0    Dex: 15    Spells: 8/8 levels left

rFire    . . .     SeeInvis .   j - +3 halberd (antimagic)
rCold    . . .     Faith    .   (shield currently unavailable)
rNeg     . . .     Spirit   .   b - +0 leather armour
rPois    .         Reflect  .   c - +0 helmet
rElec    .         Harm     .   (no cloak)
rCorr    .         Rampage  .   (no gloves)
Will     .....                  (no boots)
Stlth    ++........             (no amulet)
HPRegen  0.16/turn              (no ring)
MPRegen  0.08/turn              (no ring)

@: no status effects
A: fangs 1, strong nose, distributed training
a: no special abilities


You were on level 4 of the Dungeon.
You visited 1 branch of the dungeon, and saw 4 of its levels.

You collected 147 gold pieces.

Inventory:

Hand Weapons
 a - a +1 quarterstaff
 j - a +3 antimagic halberd (weapon)
Missiles
 d - 2 throwing nets (quivered)
 f - 4 boomerangs
Armour
 b - a +0 leather armour (worn)
 c - a +0 helmet (worn)
Scrolls
 e - 3 scrolls of teleportation
Potions
 g - a potion of attraction
 h - a potion of lignification
 k - a potion of magic


   Skills:
 + Level 4.9 Fighting
 + Level 1.7 Short Blades
 + Level 1.7 Long Blades
 + Level 1.7 Axes
 + Level 1.7 Maces & Flails
 + Level 1.7 Polearms
 + Level 6.7 Staves
 + Level 1.7 Slings
 + Level 1.7 Bows
 + Level 1.7 Crossbows
 + Level 4.9 Throwing
 + Level 1.7 Armour
 + Level 6.7 Dodging
 + Level 1.7 Stealth
 + Level 1.7 Shields
 + Level 1.7 Unarmed Combat
 + Level 1.7 Spellcasting
 + Level 1.3 Conjurations
 + Level 1.3 Hexes
 + Level 1.3 Summonings
 + Level 1.3 Necromancy
 + Level 1.3 Translocations
 + Level 1.3 Transmutations
 + Level 1.3 Fire Magic
 + Level 1.3 Ice Magic
 + Level 1.3 Air Magic
 + Level 1.3 Earth Magic
 + Level 1.3 Poison Magic
 + Level 2.0 Invocations
 + Level 1.7 Evocations


You had 8 spell levels left.
You didn't know any spells.
Your spell library was empty.

Dungeon Overview and Level Annotations

Branches:
Dungeon (4/15)
 Temple: D:4-7

Altars:
Okawaru

Shops:
D:2 !


Innate Abilities, Weirdness & Mutations

You have very sharp teeth.
Your uncanny sense of smell can sniff out nearby items.
Your experience applies equally to all skills.


Message History

Something you can't see is in the way.
You miss something. Something hits you. The orc misses you.
You hear some strange, mumbled words.
You are confused.
You hear some strange, mumbled words.
Something tries to affect you, but you resist.
You are too confused!
You are too confused!
You are too confused!
You closely miss something. You bite something.
The orc hits you from afar with a +0 trident.
Something hits you but does no damage. Something hits you.
The orc hits you from afar with a +0 trident!
Something hits you but does no damage.
You closely miss something. Your bite misses something.
Something hits you but does no damage.
The orc hits you from afar with a +0 trident.
Something hits you but does no damage. Something completely misses you.
You bump into the rock wall.
The orc hits you from afar with a +0 trident.
Something hits you. Something barely misses you.
You completely miss something.
The orc hits you from afar with a +0 trident.
* * * LOW HITPOINT WARNING * * *
Something hits you.
* * * LOW HITPOINT WARNING * * *
Something hits you but does no damage.
You bump into the rock wall.
The orc hits you from afar with a +0 trident.
* * * LOW HITPOINT WARNING * * *
Something hits you.
* * * LOW HITPOINT WARNING * * *
Something hits you but does no damage.
You miss something.
You feel less confused. The orc closely misses you. Something hits you.
* * * LOW HITPOINT WARNING * * *
Something hits you but does no damage.
The orc hits you from afar with a +0 trident.
You die...

#.##.......########
#.######'##........
..# #.##........
### #.##........
..##........
#########........
#................
#.#...###........
#..@# #........
#...# #........
#..o# #........
#...# #.#######
∆#...# #.# #...# .#
#.... ####.


You could see an orc.

Vanquished Creatures
  A jelly (D:2)
  An orc priest (D:3)
  2 orc wizards (D:3)
  A gnoll (D:1)
  An adder (D:2)
  3 worms
  A dart slug (D:2)
  10 orcs
  10 bats
  5 endoplasms
  4 giant cockroaches
  3 goblins
  2 hobgoblins
  13 jackals
  7 ball pythons
  3 frilled lizards
  5 kobolds
  5 rats
77 creatures vanquished.

Vanquished Creatures (others)
  6 withered plants (D:1)
6 creatures vanquished.

Grand Total: 83 creatures vanquished

Notes
Turn   | Place    | Note
-------+----------+-------------------------------------------
     0 | D:1      | JBAR the Gnoll Gladiator began the quest for the Orb.
     0 | D:1      | Reached XP level 1. HP: 20/20 MP: 1/1
   323 | D:1      | Reached XP level 2. HP: 26/26 MP: 2/2
   370 | D:1      | Found a faded altar of an unknown god.
   450 | D:1      | Reached XP level 3. HP: 28/31 MP: 3/3
   796 | D:1      | Reached skill level 1 in Invocations
  1024 | D:2      | Found Caka Sus's Distillery.
  1261 | D:2      | Reached skill level 1 in Short Blades
  1261 | D:2      | Reached skill level 1 in Long Blades
  1261 | D:2      | Reached skill level 1 in Axes
  1261 | D:2      | Reached skill level 1 in Maces & Flails
  1261 | D:2      | Reached skill level 1 in Polearms
  1261 | D:2      | Reached skill level 1 in Slings
  1261 | D:2      | Reached skill level 1 in Bows
  1261 | D:2      | Reached skill level 1 in Crossbows
  1261 | D:2      | Reached skill level 1 in Armour
  1261 | D:2      | Reached skill level 1 in Stealth
  1261 | D:2      | Reached skill level 1 in Shields
  1261 | D:2      | Reached skill level 1 in Unarmed Combat
  1261 | D:2      | Reached skill level 1 in Spellcasting
  1261 | D:2      | Reached skill level 1 in Evocations
  1261 | D:2      | Reached XP level 4. HP: 35/38 MP: 5/5
  1698 | D:2      | Reached skill level 1 in Conjurations
  1698 | D:2      | Reached skill level 1 in Hexes
  1698 | D:2      | Reached skill level 1 in Summonings
  1698 | D:2      | Reached skill level 1 in Necromancy
  1698 | D:2      | Reached skill level 1 in Translocations
  1698 | D:2      | Reached skill level 1 in Transmutations
  1698 | D:2      | Reached skill level 1 in Fire Magic
  1698 | D:2      | Reached skill level 1 in Ice Magic
  1698 | D:2      | Reached skill level 1 in Air Magic
  1698 | D:2      | Reached skill level 1 in Earth Magic
  1698 | D:2      | Reached skill level 1 in Poison Magic
  2363 | D:3      | Reached XP level 5. HP: 43/43 MP: 5/7
  2775 | D:3      | Found an iron altar of Okawaru.
  3810 | D:4      | Reached XP level 6. HP: 41/50 MP: 2/8
  3960 | D:4      | Slain by an orc

Illustrated notes

Levels and vault maps discovered:
D:1:      scummos_arrival_hexagon, layout_basic,
          ebering_ecumenical_altar_petrified
D:2:      layout_basic, serial_shops, nicolae_diamond_shop, kennysheep_boxes
D:3:      layout_loops_corners, mainiacjoe_overflow_surrounded_room
D:4:      layout_basic, nicolae_uskayaw_murder_on_the_dancefloor,
          minmay_hollow_rounded_squares, uniq_pikel, uniq_natasha

Skill      XL: |  1  2  3  4  5  6 |
---------------+-------------------+-----
Invocations    | 1 2 |  2.0
Short Blades   | 1 |  1.7
Long Blades    | 1 |  1.7
Axes           | 1 |  1.7
Maces & Flails | 1 |  1.7
Polearms       | 1 |  1.7
Slings         | 1 |  1.7
Bows           | 1 |  1.7
Crossbows      | 1 |  1.7
Armour         | 1 |  1.7
Stealth        | 1 |  1.7
Shields        | 1 |  1.7
Unarmed Combat | 1 |  1.7
Spellcasting   | 1 |  1.7
Evocations     | 1 |  1.7
Conjurations   | 1 |  1.3
Hexes          | 1 |  1.3
Summonings     | 1 |  1.3
Necromancy     | 1 |  1.3
Translocations | 1 |  1.3
Transmutations | 1 |  1.3
Fire Magic     | 1 |  1.3
Ice Magic      | 1 |  1.3
Air Magic      | 1 |  1.3
Earth Magic    | 1 |  1.3
Poison Magic   | 1 |  1.3
Fighting       | |  4.9
Staves         | |  6.7
Throwing       | |  4.9
Dodging        | |  6.7

Action                   |  1- 3 |  4- 6 || total
-------------------------+-------+-------++-------
Melee: Quarterstaff      |    62 |   133 ||   195
       Bite              |     1 |    14 ||    15
       Halberd           |       |    27 ||    27
Throw: Throwing net      |       |     1 ||     1
  Use: Scroll            |       |     9 ||     9
 Stab: Sleeping          |     1 |     1 ||     2
       Held in net/web   |       |     1 ||     1
Armor: Leather armour    |    18 |    35 ||    53
Dodge: Dodged            |    44 |   115 ||   159
